 Dungeon Crawl Stone Soup version 0.21.1-1-g345015f (webtiles) character file.

755 wojtek the Chopper (level 7, 0/60 HPs)
             Began as a Minotaur Fighter on June 24, 2018.
             Was a Follower of Okawaru.
             Slain by a hornet (10 damage)
             ... on level 4 of the Dungeon.
             The game lasted 00:05:22 (4345 turns).

wojtek the Chopper (Minotaur Fighter)               Turns: 4345, Time: 00:05:22

Health: 0/60       AC:  9    Str: 23    XL:     7   Next: 49%
Magic:  8/8        EV:  6    Int:  5    God:    Okawaru [*.....]
Gold:   82         SH:  9    Dex:  9    Spells: 6/6 levels left

rFire    . . .     SeeInvis .   a - +0 war axe
rCold    . . .     Gourm    .   c - +0 shield
rNeg     . . .     Faith    .   q - +0 chain mail (curse)
rPois    .         Spirit   .   (helmet restricted)
rElec    .         Reflect  .   (no cloak)
rCorr    .         Harm     .   (no gloves)
MR       .....                  (no boots)
Stlth    ..........             (no amulet)
HPRegen  0.20/turn              (no ring)
MPRegen  0.11/turn              (no ring)

@: slowed, very slow
A: retaliatory headbutt, horns 2
a: Heroism, Renounce Religion


You were on level 4 of the Dungeon.
You worshipped Okawaru.
Okawaru was aware of your devotion.
You were not hungry.

You visited 1 branch of the dungeon, and saw 4 of its levels.

You collected 170 gold pieces.
You spent 88 gold pieces at shops.

Inventory:

Hand Weapons
 a - a +0 war axe (weapon)
Armour
 c - a +0 shield (worn)
 q - a cursed +0 chain mail (worn)
Scrolls
 b - a scroll of blinking {unknown}
 e - a scroll of remove curse {unknown}
 g - a scroll of fog {unknown}
 h - 2 scrolls of enchant armour {unknown}
 i - a scroll of teleportation {unknown}
 k - 2 scrolls of identify {unknown}
 l - 4 scrolls of amnesia {unknown}
 n - 2 scrolls of noise {unknown}
 o - a scroll of random uselessness {unknown}
 p - 2 scrolls of fear {unknown}
 s - a scroll of magic mapping {unknown}
Potions
 d - a potion of might
 j - a potion of haste {unknown}
 m - 2 potions of heal wounds
 r - 2 potions of curing
Comestibles
 f - 7 rations
 t - 13 chunks of flesh


   Skills:
 + Level 4.6 Fighting
 + Level 7.5 Axes
 + Level 4.6 Armour
 + Level 2.1 Dodging
 + Level 4.5 Shields
 * Level 3.0 Invocations


You had 6 spell levels left.
You didn't know any spells.

Dungeon Overview and Level Annotations

Branches:
Dungeon (4/15)
 Temple: D:4-7

Altars:
Elyvilon
Gozag
Nemelex Xobeh
Okawaru
Qazlal
Xom
Yredelemnul
Zin

Shops:
D:4 !

Annotations:
D:2 iron grate


Innate Abilities, Weirdness & Mutations

You reflexively headbutt those who attack you in melee.
You have a pair of horns on your head.


Message History

You suddenly lose the ability to move!
The hornet stings you!
* * * LOW HITPOINT WARNING * * *
You are more poisoned.
You feel as though you will be slow longer.
You feel sick.
The hornet stings you but does no damage.
The hornet stings you.
* * * LOW HITPOINT WARNING * * *
You are lethally poisoned!
You feel as though you will be slow longer.
* * * LOW HITPOINT WARNING * * *
You feel sick. The hornet completely misses you.
You can move again.
Unknown command.
Okay, then.
You feel better. The hornet stings you.
* * * LOW HITPOINT WARNING * * *
You feel as though you will be slow longer.
The hornet stings you!
You die...

..###### ###
#.........# ..#
#?# #.#######.#
..# #.# #.# #.#
†.# #.# #.# #.#
..# #.# #.# #.#
..## #.#####.#
#.# #..#
#o##....# #.#
##.# #y##.####
#.# ##.#
######@##.#
####.# ##.#
#......##.#
#....# ##.#
#.#######.#
#.#### ##.# #.#
#.# #.# ##.#
#.# #.# #.#
...# #.# #.#
###.##### # #.#
#.#####........
#.#
#.......#....##
#. #.#
############.#


You could see a hornet and an orc.

Vanquished Creatures
  A hippogriff (D:4)
  A phantom (D:4)
  A scorpion (D:4)
  4 orc priests
  A bullfrog skeleton (D:4)
  A hound (D:4)
  An iguana (D:4)
  2 orc wizards
  2 worker ants (D:4)
  Robin (D:4)
  5 adders
  2 worms
  4 dart slugs
  A leopard gecko (D:2)
  6 orcs
  6 bats
  2 giant cockroaches
  5 goblins
  8 hobgoblins
  9 jackals
  11 kobolds
  2 quokkas
  2 ball pythons (D:3)
  A ball python skeleton (D:4)
  5 frilled lizards
  A quokka skeleton (D:4)
  5 rats
90 creatures vanquished.

Notes
Turn   | Place    | Note
-------+----------+-------------------------------------------
     0 | D:1      | wojtek the Minotaur Fighter began the quest for the Orb.
     0 | D:1      | Reached XP level 1. HP: 19/19 MP: 0/0
    49 | D:1      | Reached skill level 3 in Axes
    87 | D:1      | Reached XP level 2. HP: 22/26 MP: 1/1
   592 | D:1      | Reached skill level 4 in Axes
   799 | D:2      | Reached XP level 3. HP: 26/31 MP: 2/2
  1212 | D:2      | Reached skill level 5 in Axes
  1373 | D:2      | Found a sparkling altar of Nemelex Xobeh.
  1437 | D:2      | Found a glowing silver altar of Zin.
  1732 | D:2      | Reached XP level 4. HP: 38/39 MP: 3/3
  2160 | D:3      | Reached skill level 6 in Axes
  2166 | D:3      | Reached XP level 5. HP: 9/45 MP: 4/4
  2682 | D:3      | Found a stormy altar of Qazlal.
  2682 | D:3      | Found a basalt altar of Yredelemnul.
  2682 | D:3      | Found a white marble altar of Elyvilon.
  2682 | D:3      | Found a shimmering altar of Xom.
  2910 | D:3      | Reached skill level 7 in Axes
  2926 | D:3      | Found an iron altar of Okawaru.
  3062 | D:3      | Became a worshipper of Warmaster Okawaru
  3182 | D:3      | Found an opulent altar of Gozag.
  3239 | D:4      | Noticed a hippogriff
  3249 | D:4      | Killed a hippogriff
  3249 | D:4      | Reached * piety under Okawaru
  3249 | D:4      | Reached skill level 1 in Dodging
  3249 | D:4      | Reached skill level 1 in Invocations
  3249 | D:4      | Reached XP level 6. HP: 10/52 MP: 4/6
  3524 | D:4      | Found Hoss's Distillery.
  3532 | D:4      | Bought a potion of curing for 33 gold pieces
  3532 | D:4      | Bought a potion of heal wounds for 55 gold pieces
  3830 | D:4      | Reached XP level 7. HP: 59/59 MP: 7/7
  4265 | D:4      | Noticed Robin
  4272 | D:4      | Killed Robin
  4338 | D:4      | Noticed a hornet
  4342 | D:4      | Paralysed by a hornet for 3 turns
  4345 | D:4      | Slain by a hornet

Skill      XL: |  1  2  3  4  5  6  7 |
---------------+----------------------+-----
Axes           | 3 4 5 6 7 |  7.5
Fighting       | 4 |  4.6
Armour         | 4 |  4.6
Dodging        | 1 2 |  2.1
Shields        | 4 |  4.5
Invocations    | 1 2 3 |  3.0

Action                   |  1- 3 |  4- 6 |  7- 9 || total
-------------------------+-------+-------+-------++-------
Melee: War axe           |    90 |   126 |    51 ||   267
       Headbutt          |    11 |    19 |    11 ||    41
  Use: Potion            |       |       |     1 ||     1
  Eat: Chunk             |     2 |     7 |     2 ||    11
Armor: Scale mail        |    39 |     1 |       ||    40
       Chain mail        |       |    51 |    23 ||    74
Dodge: Dodged            |    26 |    33 |    12 ||    71
Block: Shield            |    36 |    42 |    25 ||   103
